 Dungeon Crawl Stone Soup version 0.29-a0-271-gd4eb659eea (webtiles) character file.

Game seed: 8573140610272347079

92 spaghetti the Bolt Thrower (level 4, 37/39 HPs)
             Began as a Deep Dwarf Hunter on Mar 8, 2022.
             Quit the game on level 4 of the Dungeon.
             The game lasted 00:02:12 (1145 turns).

spaghetti the Bolt Thrower (Deep Dwarf Hunter)      Turns: 1145, Time: 00:02:13

Health: 37/39      AC:  3    Str: 17    XL:     4   Next: 35%
Magic:  3/3        EV: 12    Int: 12    God:
Gold:   92         SH:  0    Dex: 13    Spells: 3/3 levels left

rFire   . . .      SeeInvis .   a - +1 hand crossbow {crossbow}
rCold   . . .      Faith    .   (no shield)
rNeg    . . .      Spirit   .   b - +0 leather armour
rPois   .          Reflect  .   (no helmet)
rElec   .          Harm     .   (no cloak)
rCorr   .          Rampage  .   (no gloves)
Will    .....                   (no boots)
Stlth   +.........              (no amulet)
HPRegen 0.00/turn               (no ring)
MPRegen 0.08/turn               (no ring)

@: no status effects
A: damage resistance, heal wounds, sense surroundings 1, no regeneration
a: Heal Wounds


You were on level 4 of the Dungeon.
You visited 1 branch of the dungeon, and saw 4 of its levels.

You collected 92 gold pieces.


Innate Abilities, Weirdness & Mutations

You are resistant to damage.
You can heal yourself by infusing magical energy.
You passively map a small area around you.
You do not regenerate.


   Skills:
 + Level 2.0 Fighting
 + Level 6.3 Crossbows
 - Level 2.1 Dodging
 - Level 1.2 Stealth


You had 3 spell levels left.
You didn't know any spells.
Your spell library was empty.

Inventory:

Hand Weapons
 a - a +1 hand crossbow (weapon) {crossbow}
Missiles
 d - 80 stones {throwing}
Armour
 b - a +0 leather armour (worn)
Magical Staves
 f - a staff of death {!astaff}
   (You found it on level 1 of the Dungeon)
Scrolls
 c - 3 scrolls of immolation {!r!r}
 e - a scroll of teleportation {unknown}
 i - a scroll of brand weapon {unknown}
 j - a scroll of magic mapping {unknown}
 k - a scroll of enchant armour {unknown}
 l - a scroll of fear {unknown}
Potions
 g - a potion of heal wounds {@q2}
 h - a potion of curing {@q1}

Dungeon Overview and Level Annotations

Branches:
Dungeon (4/15)
 Temple: D:4-7

Altars:

Shops:
D:2

? * , ** *
* , , , *
* * , #
*** * * *
#.####*, *
, #.B..# *
, #, #@#*
# * ,
#.##J##.#
* * ,
#..S5†..#
*,*
###.<.###
* , *
#...# , ,
** #...# *
** * ,
.....,, *
,, , ,
.......,,
,.........


You could see an adder, a white imp, an endoplasm and a giant cockroach.


Message History

A bat comes into view.
The bat hits you.
There is a stone staircase leading down here.
The bat closely misses you. The jackal barely misses you.
The jackal closely misses you.
You climb downwards.
The endoplasm quivers.
The white imp shouts, "Scamper hence, thou jarring fob-snatching hugger-mugger!"
Found a stone staircase leading up.
There is a stone staircase leading up here.
Unknown command.
Unknown command.
Shoot: a) +1 hand crossbow {crossbow}
Press: ? - help, Q - select action, (/) - cycle Shift-Dir - straight line, f - jackal
Aim: a jackal (58% to hit)
You shoot a bolt. The bolt hits the jackal!
You kill the jackal!
Shoot: a) +1 hand crossbow {crossbow}
Press: ? - help, Q - select action, (/) - cycle Shift-Dir - straight line, f - white imp
Aim: a white imp (64% to hit)
You shoot a bolt. The bolt barely misses the white imp.
Shoot: a) +1 hand crossbow {crossbow}
Press: ? - help, Q - select action, (/) - cycle Shift-Dir - straight line, f/p - white imp
Aim: a white imp (64% to hit)
You shoot a bolt.
The bolt hits the white imp but does no damage.
The endoplasm hits you.
The white imp summons a swarm of flies.
The white imp hits you but does no damage.
Shoot: a) +1 hand crossbow {crossbow}
Press: ? - help, Q - select action, (/) - cycle Shift-Dir - straight line, f/p - white imp
Aim: a white imp (64% to hit)
You shoot a bolt. The bolt closely misses the white imp.
The endoplasm freezes you.
You are frozen.
The white imp hits you. The white imp freezes you. 😮 HP[-2]
You take 2 damage, and now have 24/39 hp.
Shoot: a) +1 hand crossbow {crossbow}
Press: ? - help, Q - select action, (/) - cycle Shift-Dir - straight line, f/p - white imp
Aim: a white imp (64% to hit)
You shoot a bolt. The bolt barely misses the white imp.
The endoplasm hits you but does no damage.
The white imp misses you.
Shoot: a) +1 hand crossbow {crossbow}
Press: ? - help, Q - select action, (/) - cycle Shift-Dir - straight line, f/p - white imp
Aim: a white imp (64% to hit)
You shoot a bolt. The bolt barely misses the white imp.
The white imp gestures at you. The puff of frost hits you.
The endoplasm closely misses you.
The endoplasm hits you but does no damage.
The white imp misses you. 😮 HP[-3]
You take 3 damage, and now have 21/39 hp.
Shoot: a) +1 hand crossbow {crossbow}
Press: ? - help, Q - select action, (/) - cycle Shift-Dir - straight line, f/p - white imp
Aim: a white imp (64% to hit)
You shoot a bolt. The bolt hits the white imp.
An adder comes into view.
The endoplasm hits you but does no damage.
The white imp gestures at you. The puff of frost hits you!
* * * LOW HITPOINT WARNING * * *
😨 HP[-7]
You take 7 damage, and now have 14/39 hp.
Shoot: a) +1 hand crossbow {crossbow}
Press: ? - help, Q - select action, (/) - cycle Shift-Dir - straight line, f/p - white imp
Aim: a white imp (lightly wounded, 64% to hit)
You shoot a bolt. The adder hisses angrily.
The bolt hits the white imp.
The endoplasm freezes you.
You are frozen.
The white imp gestures at you. The puff of frost hits you.
* * * LOW HITPOINT WARNING * * *
😨 HP[-1]
You take 1 damage, and now have 13/39 hp.
Shoot: a) +1 hand crossbow {crossbow}
Press: ? - help, Q - select action, (/) - cycle Shift-Dir - straight line, f/p - white imp
Aim: a white imp (moderately wounded, 64% to hit)
You shoot a bolt.
The bolt hits the white imp but does no damage.
The endoplasm hits you but does no damage.
The white imp gestures at you. The puff of frost hits you.
* * * LOW HITPOINT WARNING * * *
😱 HP[-4]
You take 4 damage, and now have 9/39 hp.
You see here a jackal corpse.
The white imp hits you but does no damage.
A giant cockroach comes into view.
There is a stone staircase leading up here.
Your magical essence is drained by the effort!
You feel much better. The endoplasm freezes you.
You are frozen.
The white imp grinds its teeth. 😕 HP[+28] MP[-1]
You regained 28 hp, and now have 37/39 hp.
Are you sure you want to abandon this character and quit the game? (Confirm with "yes".)

Skill      XL: |  1  2  3  4 |
---------------+-------------+-----
Crossbows      | 5 6 |  6.3
Fighting       | 2 |  2.0
Dodging        | |  2.1
Stealth        | |  1.2

Action                   |  1- 3 |  4- 6 || total
-------------------------+-------+-------++-------
 Fire: Hand crossbow     |    99 |    31 ||   130
 Abil: Heal Wounds       |     1 |     1 ||     2
  Use: Potion            |       |     2 ||     2
Armor: Leather armour    |       |    14 ||    14
Dodge: Dodged            |    14 |    39 ||    53

Levels and vault maps discovered:
D:1:      co_arrival_square_in_a_square_in_a_square, layout_basic,
          shapermc_ecumenical_altar_mp_urbaneastern
D:2:      layout_basic, serial_shops, nicolae_square_shop, grunt_decor_clamped
D:3:      layout_basic, slow_altar_1, lemuel_coloured_pillars_altar, uniq_ijyb,
          uniq_natasha
D:4:      layout_loops_cross, temple_fountains, st_stairs_10

Notes
Turn   | Place    | Note
-------+----------+-------------------------------------------
     0 | D:1      | spaghetti the Deep Dwarf Hunter began the quest for the
                  | Orb.
     0 | D:1      | Reached XP level 1. HP: 19/19 MP: 1/1
     0 | D:1      | magus.rc [v1.9.6]
    37 | D:1      | Found a faded altar of an unknown god.
   130 | D:1      | Reached XP level 2. HP: 24/26 MP: 2/2
   166 | D:1      | Reached skill level 5 in Crossbows
   682 | D:2      | Reached XP level 3. HP: 30/32 MP: 3/3
   780 | D:2      | Found Cesyusos's Magic Scroll Shoppe.
   950 | D:2      | Reached skill level 6 in Crossbows
   950 | D:2      | Reached XP level 4. HP: 27/39 MP: 4/4
  1085 | D:2      | Reached skill level 2 in Fighting
  1140 | D:4      | HP: 9/39 [white imp/puff of frost (4)]
  1145 | D:4      | Quit the game

Vanquished Creatures
  An iguana (D:2)
  A gnoll (D:2)
  An adder (D:2)
  A dart slug (D:2)
  3 ball pythons (D:2)
  2 bats (D:1)
  9 endoplasms
  3 giant cockroaches
  4 goblins
  3 hobgoblins
  2 jackals
  3 quokkas
  2 frilled lizards (D:2)
  3 kobolds
  4 rats (D:2)
42 creatures vanquished.

Table legend:
 A = Non-vault XP
 B = Vault XP
 C = Vault XP percentage of total XP
 D = Non-vault monster count
 E = Vault monster count
 F = Vault count percentage of total count
                 A         B        C        D         E       F
            +---------+---------+-------+---------+---------+-------
      Total |     132 |       0 |   0.0 |      42 |       0 |   0.0
            +---------+---------+-------+---------+---------+-------
        D:1 |      28 |       0 |   0.0 |      15 |       0 |   0.0
        D:2 |     102 |       0 |   0.0 |      26 |       0 |   0.0
        D:4 |       2 |       0 |   0.0 |       1 |       0 |   0.0
            +---------+---------+-------+---------+---------+-------

Illustrated notes

Table legend:
 A = Kills in this place as a percentage of kills in entire the game.
 B = Kills by you in this place as a percentage of kills by you in the entire game.
 C = Kills by friends in this place as a percentage of kills by friends in the entire game.
 D = Other kills in this place as a percentage of other kills in the entire game.
 E = Experience gained in this place as a percentage of experience gained in the entire game.
 F = Experience gained in this place divided by the number of levels of this place that you have seen.
                   A       B       C       D       E      F
               +-------+-------+-------+-------+-------+----------------------
         Total | 100.0 | 100.0 |   N/A |   N/A | 100.0 |  33.0
       Dungeon | 100.0 | 100.0 |   N/A |   N/A | 100.0 |  33.0
               +-------+-------+-------+-------+-------+----------------------

Table legend: (Time is in decaauts)
 A = Elapsed time spent in this place.
 B = Non-inter-level travel time spent in this place.
 C = Inter-level travel time spent in this place.
 D = Time resting spent in this place.
 E = Time spent auto-exploring this place.
 F = Levels seen in this place.
 G = Mean time per level.
                   A        B        C        D        E       F      G
               +--------+--------+--------+--------+--------+-----+--------+
         Total |   1177 |   1142 |     35 |      0 |    871 |   4 |  294.2 |
       Dungeon |   1177 |   1142 |     35 |      0 |    871 |   4 |  294.2 |
               +--------+--------+--------+--------+--------+-----+--------+

Top non-repeatable levels by time:
     D:1: 640 daAuts
     D:2: 516 daAuts
     D:4: 15 daAuts
     D:3: 4 daAuts
